 Dungeon Crawl Stone Soup version 0.24-a0-378-g94936e539c (webtiles) character file.

Game seed: 11547396279921303254

205 MachJacob the Caller (level 5, -8/28 HPs)
             Began as a Deep Elf Summoner on June 2, 2019.
             Blown up by Ijyb (23 damage)
             ... with a disintegration bolt
             ... on level 5 of the Dungeon.
             The game lasted 00:11:10 (4604 turns).

MachJacob the Caller (Deep Elf Summoner)            Turns: 4604, Time: 00:11:11

Health: -8/28      AC:  3    Str:  5    XL:     5   Next: 52%
Magic:  22/22      EV: 14    Int: 21    God:
Gold:   183        SH:  0    Dex: 15    Spells: 7/13 levels left

rFire    . . .     SeeInvis .   a - +1 dagger (venom)
rCold    . . .     Gourm    .   (no shield)
rNeg     . . .     Faith    .   t - +0 robe
rPois    .         Spirit   .   q - +0 helmet
rElec    .         Reflect  .   (no cloak)
rCorr    +         Harm     .   (no gloves)
MR       .....                  (no boots)
Stlth    ++........             (no amulet)
HPRegen  0.09/turn              j - ring of resist corrosion
MPRegen  0.18/turn              r - ring of magical power

@: no status effects
A: no striking features
a: no special abilities


You were on level 5 of the Dungeon.
You were not hungry.

You visited 1 branch of the dungeon, and saw 6 of its levels.

You collected 183 gold pieces.

Inventory:

Hand Weapons
 a - a +1 dagger of venom (weapon)
Missiles
 g - 143 stones (quivered)
Armour
 q - a +0 helmet (worn)
 t - a +0 robe (worn)
Jewellery
 j - a ring of resist corrosion (left hand)
 r - a ring of magical power (right hand)
Scrolls
 d - a scroll of immolation
 h - a scroll of magic mapping {unknown}
 k - a scroll of fear {unknown}
 l - a scroll of remove curse
 o - a scroll of blinking {unknown}
 p - a scroll of teleportation {unknown}
 s - a scroll of fog {unknown}
Potions
 b - a potion of lignification
 e - 3 potions of curing
 f - 2 potions of magic
 i - a potion of mutation {unknown}
 m - 2 potions of agility
 n - 2 potions of might {unknown}
Comestibles
 c - 4 rations


   Skills:
 + Level 4.0 Dodging
 - Level 2.4 Stealth
 + Level 4.6 Spellcasting
 * Level 6.2 Summonings


You had 7 spell levels left.
You knew the following spells:

 Your Spells              Type           Power        Failure   Level  Hunger
a - Summon Small Mammal   Summ           ####         1%          1    None
b - Call Imp              Summ           ####....     1%          2    #......
c - Call Canine Familiar  Summ           ####....     2%          3    ##.....

Your spell library contained the following spells:

 Spells                   Type           Power        Failure   Level  Hunger
 Summon Guardian Golem    Hex/Summ       ###.....     10%         3    ##.....
 Summon Ice Beast         Ice/Summ       ###.....     30%         4    ####...
 Summon Lightning Spire   Summ/Air       ###.....     30%         4    ####...


Dungeon Overview and Level Annotations

Branches:
Dungeon (6/15)
 Temple: D:4-7

Altars:
Cheibriados
Elyvilon
Ru
Wu Jian
Xom
Zin

Annotations:
D:3 1 runed translucent door, Crazy Yiuf, Grinder, Sigmund
D:5 exclusion: water moccasin, Ijyb
D:6 Dowan, Duvessa


Message History

You hit the worm.
You kill the worm!
g - 124 stones (gained 1)
Found a scroll labeled NEPOGH BAQIA.
g - 126 stones (gained 2)
Your crimson imp blinks!
You start resting.
Your crimson imp blinks!
Your crimson imp disappears in a puff of smoke!
HP restored.
Found 17 stones.
s - a scroll labeled NEPOGH BAQIA
g - 143 stones (gained 17) Ijyb the Twisted Goblin comes into view.
She is carrying a wand of disintegration (15).
Ijyb shouts!
Ijyb zaps a wand.
You are blasted!
Ouch! That really hurt!
Ijyb zaps a wand.
You are blasted!
Ouch! That really hurt!
You die...

....# ##..# .....#+#....
#........ ###......
##..... #..... #.....
#####################.....
..g......@................
##############........####
#........#
##########........#
#.................#
#.................#
#.................#
#####..........####
#..........#


You could see Ijyb.

Vanquished Creatures
  A hound (D:4)
  A worker ant (D:4)
  A hound skeleton (D:5)
  2 worms (D:2 D:5)
  A dart slug (D:1)
  A leopard gecko (D:1)
  An orc (D:4)
  A bat (D:1)
  A goblin (D:1)
  A hobgoblin (D:2)
  A quokka (D:2)
  A ball python (D:5)
  2 frilled lizards (D:4)
  A leopard gecko skeleton (D:4)
  2 rats (D:1 D:2)
18 creatures vanquished.

Vanquished Creatures (collateral kills)
  An ogre (D:4)
  An orc wizard (D:4)
  2 worker ants (D:4 D:5)
  An iguana (D:4)
  3 adders (D:4)
  2 worms (D:2 D:5)
  A dart slug (D:1)
  An orc (D:4)
  3 bats (D:1 D:2)
  3 goblins (D:1 D:2)
  A hobgoblin (D:1)
  A frilled lizard (D:2)
  3 kobolds (D:1 D:2)
  4 rats (D:1)
27 creatures vanquished.

Grand Total: 45 creatures vanquished

Notes
Turn   | Place    | Note
-------+----------+-------------------------------------------
     0 | D:1      | MachJacob the Deep Elf Summoner began the quest for the
                  | Orb.
     0 | D:1      | Reached XP level 1. HP: 10/10 MP: 6/6
   447 | D:1      | Reached XP level 2. HP: 14/15 MP: 6/8
   457 | D:1      | Learned a level 2 spell: Call Imp
  1092 | D:2      | Found a sacrificial altar of Ru.
  1817 | D:2      | Reached skill level 5 in Summonings
  1978 | D:2      | Reached XP level 3. HP: 19/19 MP: 4/9
  2025 | D:2      | Learned a level 3 spell: Call Canine Familiar
  2188 | D:2      | Found a snail-covered altar of Cheibriados.
  2468 | D:3      | Noticed Grinder
  2473 | D:3      | Paralysed by Grinder for 2 turns
  2531 | D:3      | Found a runed translucent door.
  2532 | D:3      | Noticed Crazy Yiuf
  2604 | D:3      | Noticed Sigmund
  2814 | D:4      | Found a glowing silver altar of Zin.
  2904 | D:4      | You fall into a shaft and drop 2 floors!
  2904 | D:6      | Noticed Duvessa
  2907 | D:6      | Noticed Dowan
  2908 | D:5      | Entered Level 5 of the Dungeon
  2926 | D:5      | Reached XP level 4. HP: 24/24 MP: 5/11
  3261 | D:4      | Found a shimmering altar of Xom.
  3638 | D:4      | Reached XP level 5. HP: 22/28 MP: 9/13
  3764 | D:4      | Found a white marble altar of Elyvilon.
  3876 | D:4      | Found an ornate altar of the Wu Jian Council.
  3958 | D:4      | Noticed an ogre
  3998 | D:4      | Killed an ogre
  3998 | D:4      | Reached skill level 6 in Summonings
  4303 | D:5      | Noticed a water moccasin
  4602 | D:5      | Noticed Ijyb
  4604 | D:5      | Blown up by Ijyb

Levels and vault maps discovered:
D:1:      saegor_arrival_simple_c, layout_basic
D:2:      layout_basic, lemuel_coloured_pillars_altar,
          nicolae_overflow_crystal_walls, first_ration
D:3:      layout_loops_ring, uniq_sigmund, uniq_grinder, uniq_crazy_yiuf_cottage
D:4:      layout_loops_ring, kennysheep_mini_moat, lemuel_round_altar,
          lemuel_crystal_altar, zin_statuary
D:5:      layout_basic, marbit_many_paths, minmay_divided_ellipse, uniq_ijyb
D:6:      layout_gridville, lemuel_round_altar, kennysheep_mini,
          kennysheep_little_box, minmay_temple_entry_trees, uniq_duvessa,
          uniq_pikel, uniq_menkaure

Skill      XL: |  1  2  3  4  5 |
---------------+----------------+-----
Summonings     | 5 6 |  6.2
Dodging        | 3 4 |  4.0
Spellcasting   | 4 |  4.6
Stealth        | |  2.4

Action                   |  1- 3 |  4- 6 || total
-------------------------+-------+-------++-------
Melee: Unarmed           |    17 |       ||    17
       Dagger            |    49 |    50 ||    99
Throw: Stone             |       |     4 ||     4
 Cast: Summon Small Mamm |    10 |       ||    10
       Call Imp          |    25 |    15 ||    40
  Use: Scroll            |     4 |     2 ||     6
 Stab: Sleeping          |     2 |     2 ||     4
       Distracted        |     3 |     1 ||     4
  Eat: Chunk             |     4 |     2 ||     6
       Ration            |     1 |     1 ||     2
Armor: Robe              |    12 |     4 ||    16
Dodge: Dodged            |    48 |    38 ||    86

Table legend:
 A = Non-vault XP
 B = Vault XP
 C = Vault XP percentage of total XP
 D = Non-vault monster count
 E = Vault monster count
 F = Vault count percentage of total count
                 A         B        C        D         E       F
            +---------+---------+-------+---------+---------+-------
      Total |     293 |       0 |   0.0 |      45 |       0 |   0.0
            +---------+---------+-------+---------+---------+-------
        D:1 |      24 |       0 |   0.0 |      16 |       0 |   0.0
        D:2 |      17 |       0 |   0.0 |      10 |       0 |   0.0
        D:4 |     201 |       0 |   0.0 |      14 |       0 |   0.0
        D:5 |      51 |       0 |   0.0 |       5 |       0 |   0.0
            +---------+---------+-------+---------+---------+-------
